Map: Bone Temple LE

Players

IMBrianChoy - Winner!

  • Race: Protoss Protoss
  • Spawn Location: 7:00

gAypeNNiS - Winner!

  • Race: Terran Terran
  • Spawn Location: 6:00

Shiro - Winner!

  • Race: Zerg Zerg
  • Spawn Location: 7:00

BronzForLife

  • Race: Terran Terran
  • Spawn Location: 12:00

Erratic

  • Race: Protoss Protoss
  • Spawn Location: 3:00

Tick

  • Race: Zerg Zerg
  • Spawn Location: 1:00

VOD

Have the link to the VOD?

Description

Time

  • Played on: May 24, 2020, 2:52 p.m.
  • Length: 4:21
Show
View Real Time Build Order
Export as new Build Order

IMBrianChoy Protoss - Winner!

Build Orders:  

Get SALT Encoding   

  12  0:02  Probe  
  13  0:15  Pylon  
  13  0:19  Probe  
  14  0:31  Probe  
  15  0:35  Forge  
  15  0:44  Probe (Chrono Boost)  
  16  0:54  Probe (Chrono Boost)  
  17  1:07  Pylon  
  17  1:10  Pylon  
  17  1:14  Pylon  
  17  1:25  Photon Cannon  
  17  1:43  Assimilator  
  17  1:46  Photon Cannon  
  17  1:55  Gateway  
  17  2:00  Gateway  
  17  2:07  Photon Cannon  
  17  2:42  Pylon  
  17  2:43  Zealot (Chrono Boost)  
  21  2:54  Zealot (Chrono Boost)  
  21  3:04  Photon Cannon x2  
  21  3:07  Pylon  
  21  3:11  Zealot (Chrono Boost)  
  23  3:16  Zealot (Chrono Boost)  
  23  3:26  Photon Cannon  
  23  3:33  Photon Cannon  
  23  3:36  Zealot (Chrono Boost)  
  27  3:45  Zealot (Chrono Boost)  
  27  3:54  Zealot (Chrono Boost)  
Show
View Real Time Build Order
Export as new Build Order

gAypeNNiS Terran - Winner!

Build Orders:  

Get SALT Encoding   

  12  0:00  SCV  
  13  0:13  SCV  
  14  0:18  Supply Depot  
  14  0:25  SCV  
  15  0:40  SCV  
  15  0:41  Barracks  
  16  0:46  Refinery  
  16  1:00  Barracks  
  16  1:09  Barracks  
  16  1:15  Refinery  
  16  1:19  SCV  
  17  1:29  Reaper  
  18  1:34  SCV  
  19  1:47  Reaper  
  20  1:58  Orbital Command  
  20  1:59  Reaper  
  21  2:04  Reaper  
  22  2:14  Supply Depot  
  22  2:20  Reaper  
  23  2:35  SCV, Reaper  
  25  2:44  Reaper  
  26  2:47  SCV  
  27  2:53  Reaper  
  27  2:54  Supply Depot  
  28  2:59  SCV  
  29  3:07  Reaper  
  30  3:16  Reaper  
  31  3:23  SCV  
  32  3:27  Command Center  
  32  3:48  SCV, Barracks Reactor x2, Barracks Tech Lab  
  32  4:00  SCV  
Show
View Real Time Build Order
Export as new Build Order

Shiro Zerg - Winner!

Build Orders: Hatch First 

Get SALT Encoding   

  12  0:01  Drone  
  13  0:08  Drone  
  14  0:17  Overlord  
  14  0:35  Drone x3  
  17  0:46  Drone  
  18  0:57  Hatchery  
  18  0:58  Drone  
  18  1:00  Extractor  
  17  1:13  Spawning Pool  
  17  1:16  Drone  
  17  1:20  Drone  
  18  1:30  Drone  
  19  1:39  Overlord  
  19  1:59  Drone  
  19  2:00  Queen  
  19  2:01  Metabolic Boost  
  22  2:03  Zergling x2  
  23  2:09  Queen  
  23  2:11  Zergling x2  
  23  2:14  Zergling x2  
  27  2:20  Baneling Nest  
  27  2:30  Zergling x4  
  27  2:33  Zergling x2  
  27  2:36  Zergling x2  
  30  2:42  Zergling x2  
  31  2:45  Zergling x2  
  32  2:56  Overlord x2  
  32  3:07  Zergling x4  
  32  3:11  Zergling x2  
  32  3:12  Zergling x2  
  36  3:14  Zergling x2  
  37  3:24  Baneling x2  
  37  3:25  Baneling x3  
  37  3:28  Zergling x4  
  37  3:29  Zergling x4  
  37  3:33  Zergling x2  
  37  3:34  Zergling x2  
  44  3:41  Zergling x4  
  42  3:54  Zergling x6  
  45  3:58  Zergling x4  
  45  4:00  Zergling x2  
Show
View Real Time Build Order
Export as new Build Order

BronzForLife Terran 

Build Orders:  

Get SALT Encoding   

  12  0:04  SCV  
  13  0:16  SCV  
  13  0:21  Supply Depot  
  14  0:28  SCV  
  15  0:39  Refinery  
  15  0:45  Barracks  
  15  0:48  SCV  
  16  1:00  SCV  
  17  1:14  Refinery, SCV  
  17  1:18  Barracks  
  18  1:31  SCV  
  19  1:46  Marine  
  20  1:50  Orbital Command  
  20  2:00  Supply Depot  
  20  2:04  Marine  
  21  2:16  Factory  
  21  2:26  SCV  
  21  2:40  Reaper  
  21  2:41  Reaper  
  21  2:43  SCV  
  24  2:55  SCV  
  24  3:02  Factory Tech Lab  
  24  3:09  Starport  
  24  3:13  Reaper x2  
  24  3:16  SCV  
  27  3:28  Siege Tank, SCV  
  28  3:44  Marine  
Show
View Real Time Build Order
Export as new Build Order

Erratic Protoss 

Build Orders: Nexus First 

Get SALT Encoding   

  12  0:05  Probe (Chrono Boost)  
  13  0:15  Probe (Chrono Boost)  
  13  0:20  Probe  
  14  0:26  Pylon  
  15  0:44  Probe  
  16  0:56  Probe  
  17  1:05  Nexus  
  17  1:08  Probe  
  18  1:20  Probe  
  19  1:26  Pylon  
  19  1:33  Probe  
  20  1:45  Gateway  
  20  1:59  Probe  
  20  2:01  Forge  
  20  2:09  Gateway  
  20  2:22  Gateway  
  20  2:25  Pylon  
  19  2:41  Photon Cannon  
  18  2:45  Photon Cannon  
  17  2:51  Pylon  
  17  2:56  Probe  
  12  3:08  Probe  
  10  3:40  Probe  
Show
View Real Time Build Order
Export as new Build Order

Tick Zerg 

Build Orders: Pool First 

Get SALT Encoding   

  12  0:02  Drone  
  13  0:12  Overlord  
  13  0:16  Drone  
  14  0:30  Drone x2  
  16  0:37  Drone  
  17  0:46  Drone  
  18  0:51  Spawning Pool  
  18  0:56  Drone  
  18  1:01  Extractor  
  17  1:07  Drone  
  18  1:25  Drone  
  19  1:29  Drone  
  20  1:44  Hatchery  
  19  1:51  Zergling x2  
  19  1:52  Zergling x2  
  21  2:02  Zergling x2  
  22  2:12  Hatchery  
  22  2:15  Zergling x2  
  22  2:22  Overlord  
  22  2:36  Overlord  
  22  2:40  Queen  
  24  2:46  Zergling x2  
  26  2:51  Spine Crawler  
  26  2:55  Drone, Extractor  
  26  2:56  Metabolic Boost  
  26  3:05  Drone  
  26  3:15  Drone  
  27  3:21  Lair  
  27  3:24  Queen  
  27  3:26  Drone x2  
  31  3:32  Spine Crawler  
  30  3:35  Drone  
  31  3:44  Drone  
  31  3:45  Spine Crawler  
  31  3:49  Drone  
  31  3:50  Drone  
Tags
 
Add a new tag
Caveats
  • Supply blocks, unpowered buildings, or Contaminate may cause inaccurate times.
  • Supply counts are checked every 10 seconds.